Description

Maru using this build to make pressure on zerg, starts with reapers then hellions and then medivac and armory

VOD

https://www.youtube.com/watch?v=qZZ55tdF3K4&ab_channel=B%C3%98%C3%98MBAYAH

Build Order

Get SALT Encoding   

  13  0:01  SCV  
  14  0:13  SCV  
  14  0:18  Supply Depot  
  15  0:26  SCV  
  15  0:40  Barracks  
  15  0:45  Refinery  
  15  0:58  Barracks  
  16  1:02  SCV  
  18  1:28  Reaper  
  18  1:29  Orbital Command  
  18  1:35  Refinery  
  19  1:44  Reaper  
  20  1:54  SCV  
  20  1:57  Supply Depot  
  21  2:02  Reaper  
  21  2:05  Bunker  
  26  2:44  Factory  
  27  3:13  Command Center  
  28  3:26  Supply Depot  
  29  3:44  Starport  
  37  4:20  Hellion x2  
  40  4:30  Orbital Command  
Spawning Tool Build Advisor. Get it on Overwolf

Go to:

Details

  • Created by: talisman_tv
  • Published on: Oct 06, 2020
  • Modified on: Oct 06, 2020
  • Patch: 4.11.0
  • Difficulty: Hard
Show
View Real Time Build Order
Export as new Build Order

Comments (0)

There are no comments. Be the first!

Create an account to comment!